 Dungeon Crawl Stone Soup version 0.26-a0-597-gb535b0901c (webtiles) character file.

Game seed: 9603015929393631861

(classic levelgen) 211043 EnegeticOcto the Champion of Chaos (level 17, -20/163 HPs)
             Began as a Deep Dwarf Fighter on Aug 26, 2020.
             Was the Champion of Makhleb.
             Killed from afar by an azure jelly (38 damage)
             ... with an exploding inner flame
             ... created by the Royal Jelly
             ... hexed by the player character
             ... on level 5 of the Pits of Slime.
             The game lasted 00:17:12 (15118 turns).

EnegeticOcto the Champion of Chaos (DDFi)          Turns: 15118, Time: 00:17:12

Health: -20/163    AC: 13    Str: 23    XL:     17   Next: 73%
Magic:  12/12      EV: 11    Int: 11    God:    Makhleb [******]
Gold:   573        SH: 19    Dex: 12    Spells: 16/16 levels left

rFire    . . .     SeeInvis .   B - +7 Screaming Sword {vorpal, sonic wave}
rCold    + . .     Faith    .   M - +0 kite shield {reflect}
rNeg     + . .     Spirit   .   S - +4 plate armour {rC+}
rPois    .         Reflect  +   J - +2 helmet
rElec    .         Harm     .   C - +1 cloak
rCorr    +                      I - +2 pair of gloves
MR       ++...                  i - +1 pair of boots
Stlth    ..........             m - amulet of reflection
HPRegen  0.00/turn              T - +4 ring of evasion
MPRegen  0.13/turn              q - ring of resist corrosion

@: mighty, corroded, non-regenerating, hasted, very quick
A: damage resistance, heal wounds, mutation resistance 1, negative energy
resistance 1, sense surroundings 2, weak 1, subdued magic 1, no regeneration
}: 2/15 runes: barnacled, gossamer
a: Heal Wounds, Minor Destruction, Lesser Servant of Makhleb, Major Destruction,
Greater Servant of Makhleb, Renounce Religion


You were on level 5 of the Pits of Slime.
You worshipped Makhleb.
Makhleb was exalted by your worship.
You visited 7 branches of the dungeon, and saw 35 of its levels.
You also visited: Ossuary and Bailey.

You collected 2305 gold pieces.
You spent 1732 gold pieces at shops.

Inventory:

Hand Weapons
 a - a +0 war axe
 w - a +1 war axe of flaming
 B - the +7 Screaming Sword (weapon) {vorpal, sonic wave}
   (You found it on level 6 of the Dungeon)

   It inflicts extra damage upon your enemies.
Missiles
 g - 9 throwing nets (quivered)
Armour
 i - a +1 pair of boots (worn)
 C - a +1 cloak (worn)
 I - a +2 pair of gloves (worn)
 J - a +2 helmet (worn)
 M - a +0 kite shield of reflection (worn)
 S - a +4 plate armour of cold resistance (worn)
 Y - a +0 cloak
Jewellery
 b - an uncursed amulet of the acrobat
 c - an uncursed ring of protection from fire
 k - a +6 ring of strength
 m - an amulet of reflection (around neck)
 q - a ring of resist corrosion (right hand)
 T - a +4 ring of evasion (left hand)
Wands
 r - a wand of iceblast (21)
 t - a wand of digging (7) {@v3}
 y - a wand of flame (53) {@v4}
 P - a wand of polymorph (8)
 R - a wand of paralysis (29)
 V - a wand of acid (23) {@v1}
 W - a wand of disintegration (10)
Scrolls
 h - 2 scrolls of immolation {@r4}
 l - 9 scrolls of teleportation {@r3}
 n - 5 scrolls of magic mapping {@r5}
 v - 2 scrolls of fog
 G - a scroll of blinking
 H - 6 scrolls of holy word
 N - 2 scrolls of fear
 O - 2 scrolls of identify {@r1}
 Q - 2 scrolls of remove curse {@r2}
 U - a scroll of vulnerability
Potions
 d - a potion of might {@q3}
 e - 3 potions of curing {@q1}
 f - 7 potions of mutation
 p - 6 potions of ambrosia
 s - a potion of invisibility
 u - 6 potions of lignification {@q7}
 x - a potion of cancellation
 z - 2 potions of resistance {@q6}
 A - 4 potions of magic
 D - 10 potions of heal wounds {@q2}
 E - a potion of berserk rage
 K - 6 potions of flight
 Z - a potion of stabbing {@q5}
Miscellaneous
 j - a condenser vane (1/2)
 o - a condenser vane (1/2)
 L - a phial of floods


   Skills:
 + Level 13.0 Fighting
 - Level 16.0 Long Blades
 - Level 7.2 Axes
 + Level 15.1 Armour
 + Level 15.1 Shields
 + Level 17.1 Invocations


You had 16 spell levels left.
You didn't know any spells.
Your spell library contained the following spells:

 Spells                   Type           Power        Failure   Level
 Magic Dart               Conj           #...         95%         1
 Blink                    Tloc           N/A          99%         2
 Call Imp                 Summ           #.......     99%         2
 Slow                     Hex            #.......     99%         2
 Conjure Flame            Conj/Fire      #.......     100%        3
 Gell's Gravitas          Tloc           #.........   100%        3
 Lesser Beckoning         Tloc           #.........   100%        3
 Mephitic Cloud           Conj/Pois/Air  #.......     100%        3
 Teleport Other           Tloc           #.......     100%        3
 Animate Dead             Necr           #.........   100%        4
 Passage of Golubria      Tloc           N/A          100%        4
 Summon Lightning Spire   Summ/Air       #.......     100%        4
 Borgnjor's Vile Clutch   Necr/Erth      #.........   100%        5
 Silence                  Hex/Air        #.........   100%        5
 Conjure Ball Lightning   Conj/Air       #.........   100%        6
 Death Channel            Necr           #.........   100%        6
 Simulacrum               Ice/Necr       #.........   100%        6
 Tornado                  Air            #.........   100%        9


Dungeon Overview and Level Annotations

Branches:
Dungeon (13/15)            Temple (1/1) D:4            Lair (6/6) D:8
 Shoals (4/4) Lair:4       Spider (4/4) Lair:2        Slime (5/5) Lair:6
    Orc (2/2) D:11            Elf (0/3) Orc:2       Ossuary (visited)
 Bailey (visited)
 Vaults: D:13-14

Altars:
Ashenzari
Cheibriados
Dithmenos
Elyvilon
Fedhas
Gozag
Hepliaklqana
Kikubaaqudgha
Makhleb
Nemelex Xobeh
Okawaru
Qazlal
Ru
Sif Muna
Trog
Xom
Yredelemnul
Zin
The Shining One
Beogh
Jiyva

Shops:
Orc:1 =[   Orc:2 }*:[   Shoals:2 *

Portals:
Trove: D:12 (give 12 potions of heal wounds)

Annotations:
D:11 1 runed translucent door
Lair:6 exclusion: oklob plant
Shoals:1 1 transporter
Slime:5 Royal Jelly


Innate Abilities, Weirdness & Mutations

You are resistant to damage.
You can heal yourself by infusing magical energy.
You resist negative energy. (rN+)
You passively map the area around you.
You do not regenerate.
You are somewhat resistant to further mutation.
You are weak. (Str -2)
Your spells are a little easier to cast, but a little less powerful.


Message History

* * * LOW HITPOINT WARNING * * *
You are splashed with acid.
You resist.
A slime creature suddenly disappears!
Your magical essence is drained by the effort!
You feel much better.
The azure jelly hits you but does no damage.
You block the azure jelly's attack.
The azure jelly hits you but does no damage.
The azure jelly barely misses you. The acid blob hits you!
* * * LOW HITPOINT WARNING * * *
You are splashed with acid.
You resist.
* * * LOW HITPOINT WARNING * * *
The acid blob spits acid at you. The splash of acid hits you. You resist.
The acid corrodes you!
You are splashed with acid.
You resist.
* * * LOW HITPOINT WARNING * * *
You feel much better. You block the acid blob's attack.
The death ooze jiggles.
The azure jelly hits you. The azure jelly freezes you!! You resist.
* * * LOW HITPOINT WARNING * * *
The azure jelly hits you but does no damage.
You block the azure jelly's attack. The azure jelly hits you.
* * * LOW HITPOINT WARNING * * *
You feel much better. The acid blob closely misses you.
You block the acid blob's attack.
An acid blob comes into view.
A slime creature comes into view.
The acid blob spits acid at you. The splash of acid hits you. You resist.
You are splashed with acid.
You resist. The azure jelly hits you. The azure jelly freezes you! You resist.
You block the azure jelly's attack. x2; The azure jelly completely misses you.
You slice the azure jelly!!
Flame seeps out of the azure jelly. x2
The Screaming Sword bellows, "FOUNTAINS OF BLOOD IN HONOUR OF THE FAIR BLADE!"
You send a blast of sound all around you.
The monsters around you are blasted!
The azure jelly is moderately wounded.
Flame seeps out of the Royal Jelly.
The Royal Jelly is severely wounded.
The azure jelly explodes!
The fiery explosion engulfs the acid blob!!
Flame seeps out of the acid blob.
The acid blob is severely wounded.
The fiery explosion engulfs you!!
* * * LOW HITPOINT WARNING * * *
The fiery explosion engulfs the azure jelly!!!
The azure jelly is burned terribly!
You kill the azure jelly!
That felt strangely unrewarding.
Makhleb accepts your kill.
You feel better.
Flame seeps out of the acid blob.
The acid blob is moderately wounded.
Flame seeps out of the acid blob.
The acid blob is almost dead.
The death ooze explodes!
The fiery explosion engulfs the death ooze!!
Flame seeps out of the death ooze.
The death ooze is heavily damaged.
The fiery explosion engulfs the very large slime creature!!
Flame seeps out of the very large slime creature.
The very large slime creature is severely wounded.
The fiery explosion engulfs the acid blob!!
Flame seeps out of the acid blob.
The acid blob is severely wounded.
The fiery explosion engulfs the acid blob!
Flame seeps out of the acid blob.
The acid blob is heavily wounded.
Flame seeps out of the very large slime creature.
The very large slime creature is severely wounded.
Flame seeps out of the azure jelly.
The azure jelly is heavily wounded.
The slime creature is lightly wounded.
Flame seeps out of the acid blob.
The acid blob is heavily wounded.
The death ooze explodes!
The fiery explosion engulfs the acid blob!!
Flame seeps out of the acid blob.
The acid blob is almost dead.
The fiery explosion engulfs the very large slime creature!!!
Flame seeps out of the very large slime creature.
The very large slime creature is almost dead.
The fiery explosion engulfs the azure jelly!!!
The azure jelly is burned terribly!
The azure jelly explodes!
The fiery explosion engulfs the very large slime creature!!
The very large slime creature explodes!
The fiery explosion engulfs the acid blob!
Flame seeps out of the acid blob.
The acid blob is almost dead.
The fiery explosion engulfs the acid blob!!
The acid blob explodes!
The fiery explosion engulfs the acid blob!!!
The acid blob explodes!
The fiery explosion engulfs the death ooze!!
Flame seeps out of the death ooze.
The death ooze is almost destroyed.
The fiery explosion engulfs you!!
* * * LOW HITPOINT WARNING * * *
The fiery explosion engulfs you!!
* * * LOW HITPOINT WARNING * * *
Makhleb accepts your kill.
You feel better. The fiery explosion engulfs you!!!
You die...

,,
,........................ ,
........................ ,,
........................
,,,,
........................
,,........................
,
,,,....§§§§☼§..............
....JJ§§§§.............. ,,
, ,...##○§§#..............
, , , ##@#####.J......... ,
, , , #§J# ,##.......... ,
* ,,##§# ###........ J#
#...... ,,, , , * ## , ,
....., ,, , * .## , , * J#)
, * , ,, , * * .### * ,* ,_
, * ,


You could see the Royal Jelly (inner flame), 2 acid blobs, a slime creature and
a death ooze (inner flame).

Vanquished Creatures
  Jorgrun (Orc:1)
  5 acid blobs
  Polyphemus (Shoals:4)
  Donald (Shoals:3)
  3 azure jellies
  Aizul (Spider:3)
  3 ghost moths (Spider:4)
  3 emperor scorpions
  Nessos (D:13)
  3 entropy weavers
  2 spark wasps
  A merfolk javelineer (Shoals:4)
  3 great orbs of eyes (Slime:3)
  Josephine (Orc:1)
  2 ogre magi (Orc:2)
  5 merfolk impalers (Shoals:4)
  A death ooze (Slime:5)
  An ice dragon (D:13)
  2 centaur warriors (D:13)
  5 hydras
  A death knight (D:13)
  3 catoblepae
  6 merfolk aquamancers
  2 alligator snapping turtles
  16 two-headed ogres
  4 death yaks (Shoals:4)
  4 satyrs
  Nergalle (D:10)
  2 deep trolls (Orc:2)
  5 sea snakes
  An unseen horror (D:11)
  8 harpies (Shoals:4)
  2 orc knights (Orc:2)
  12 orb spiders
  4 ugly things
  24 wolf spiders
  A deep elf mage (D:13)
  4 cyclopes
  4 manticores (Shoals:4)
  19 fauns
  5 shining eyes
  2 black mambas (Lair:6)
  9 elephants
  6 merfolk sirens
  2 moths of wrath (Spider:2)
  5 water nymphs
  Maggie (D:8)
  11 cane toads
  3 torpor snails
  A gargoyle (D:12)
  3 rime drakes
  5 komodo dragons
  12 demonic crawlers
  14 merfolk
  2 polar bears
  25 jumping spiders
  8 hornets
  12 trolls
  7 snapping turtles
  11 hippogriffs
  55 slime creatures
  13 blink frogs
  2 shadows (D:11)
  60 redbacks
  4 wraiths
  2 spriggans
  26 tarantellas
  2 wyverns
  36 yaks
  4 basilisks
  A steam dragon (D:8)
  13 water elementals
  3 vampire mosquitoes (D:12)
  3 wargs
  Edmund (D:6)
  2 acid dragons
  10 water moccasins
  Duvessa (D:5)
  9 porcupines
  A sky beast (D:10)
  14 orc warriors
  8 ice beasts
  2 black bears
  23 ogres
  13 wolves
  12 centaurs
  6 crocodiles
  3 big kobolds
  8 gnoll sergeants (Bailey)
  10 bullfrogs
  Dowan (D:5)
  8 scorpions
  A water moccasin skeleton (D:12)
  57 killer bees
  A howler monkey (D:4)
  8 wights
  An electric eel (Lair:4)
  A bullfrog zombie (D:12)
  4 centaur zombies (Ossuary)
  5 hounds
  3 centaur skeletons
  6 gnoll shamans (Bailey)
  An iguana (D:8)
  13 orc priests
  18 orc wizards
  2 bullfrog skeletons
  3 jellies
  11 worker ants
  A killer bee zombie (D:5)
  3 big kobold zombies (Ossuary)
  A hound skeleton (D:5)
  5 mummies (Ossuary)
  14 gnolls (Bailey)
  16 adders
  2 shadow imps
  A white imp (D:6)
  An ooze (D:3)
  2 adder skeletons
  2 worms (D:2)
  2 dart slugs
  A leopard gecko (D:6)
  69 orcs
  2 ball pythons
  2 giant cockroaches
  4 goblins
  5 hobgoblins
  8 jackals
  20 kobolds
  2 quokkas
  15 bats
  2 frilled lizards
  2 hobgoblin zombies (Ossuary)
  A jackal zombie (D:5)
  2 quokka skeletons
  3 rats
  4 bushes
995 creatures vanquished.

Vanquished Creatures (others)
  An unseen horror (D:13)
  A harpy (Shoals:4)
  A slime creature (Slime:4)
  An orc (D:5)
  A kobold (D:7)
  92 fungi
  274 plants
371 creatures vanquished.

Grand Total: 1366 creatures vanquished

Notes
Turn   | Place    | Note
-------+----------+-------------------------------------------
     0 | D:1      | EnegeticOcto the Deep Dwarf Fighter began the quest for the
                  | Orb.
     0 | D:1      | Reached XP level 1. HP: 20/20 MP: 1/1
    75 | D:1      | Reached XP level 2. HP: 20/27 MP: 2/2
   267 | D:2      | Reached XP level 3. HP: 24/34 MP: 3/3
   289 | D:2      | Found a snail-covered altar of Cheibriados.
   371 | D:2      | Reached XP level 4. HP: 24/42 MP: 4/4
   470 | D:3      | Found a faded altar of an unknown god.
   719 | D:3      | Found a shimmering blue altar of Sif Muna.
   856 | D:4      | Found a staircase to the Ecumenical Temple.
   871 | D:4      | Noticed a water elemental
   873 | D:4      | Found a stormy altar of Qazlal.
   874 | D:4      | Noticed an earth elemental
   874 | D:4      | Noticed a fire elemental
   874 | D:4      | Noticed an air elemental
   905 | D:4      | Reached XP level 5. HP: 38/49 MP: 5/5
   939 | Temple   | Entered the Ecumenical Temple
  1033 | Temple   | Became a worshipper of Makhleb the Destroyer
  1256 | D:4      | Reached skill level 1 in Invocations
  1417 | D:4      | Reached XP level 6. HP: 23/56 MP: 7/7
  1610 | D:4      | Found a hazy altar of Hepliaklqana.
  1610 | D:4      | Found a shattered altar of Ashenzari.
  1678 | D:5      | Entered Level 5 of the Dungeon
  1703 | D:5      | Reached skill level 2 in Invocations
  1705 | D:5      | Noticed Dowan
  1705 | D:5      | Reached skill level 5 in Axes
  1706 | D:5      | Noticed Duvessa
  1715 | D:5      | Killed Duvessa
  1715 | D:5      | Reached XP level 7. HP: 29/63 MP: 7/9
  1715 | D:5      | Killed Dowan
  1780 | D:5      | Reached skill level 3 in Invocations
  1787 | D:5      | Reached skill level 5 in Armour
  1787 | D:5      | Reached skill level 5 in Shields
  1966 | D:5      | Found a glowing silver altar of Zin.
  1975 | D:5      | Reached XP level 8. HP: 43/73 MP: 10/10
  2093 | D:5      | Reached skill level 4 in Invocations
  2179 | D:5      | Found an opulent altar of Gozag.
  2179 | D:5      | Found an opulent altar of Gozag.
  2181 | D:5      | Found a shimmering altar of Xom.
  2181 | D:5      | Found a shimmering altar of Xom.
  2181 | D:5      | Found a basalt altar of Yredelemnul.
  2505 | D:6      | Reached * piety under Makhleb
  2589 | D:6      | Noticed Edmund
  2617 | D:6      | Killed Edmund
  2782 | D:6      | Found the +7 Singing Sword {vorpal, sonic wave}
  2858 | D:6      | Reached skill level 1 in Long Blades
  2943 | D:7      | Reached skill level 5 in Fighting
  2943 | D:7      | Reached skill level 5 in Invocations
  3007 | D:7      | Gained mutation: You passively map the area around you.
                  | [Deep Dwarf growth]
  3007 | D:7      | Reached XP level 9. HP: 58/81 MP: 10/12
  3117 | D:7      | Found an iron altar of Okawaru.
  3136 | D:7      | Reached ** piety under Makhleb
  3397 | D:8      | Noticed Maggie
  3400 | D:8      | Found a staircase to the Lair.
  3405 | D:8      | Reached skill level 6 in Invocations
  3405 | D:8      | Killed Maggie
  3407 | D:8      | Reached skill level 5 in Long Blades
  3408 | D:8      | Reached skill level 7 in Invocations
  3409 | D:8      | Reached XP level 10. HP: 83/91 MP: 12/14
  3463 | D:8      | Found a sand-covered staircase.
  3541 | Ossuary  | Entered an ossuary
  3576 | Ossuary  | Reached *** piety under Makhleb
  3871 | D:9      | Paralysed by a hornet for 1 turns
  3874 | D:9      | Paralysed by a hornet for 1 turns
  3879 | D:9      | Found a flagged portal.
  3885 | D:9      | Reached skill level 8 in Invocations
  3896 | Bailey   | Entered a bailey
  4024 | Bailey   | Reached **** piety under Makhleb
  4695 | D:10     | Entered Level 10 of the Dungeon
  4695 | D:10     | Noticed a two-headed ogre
  4700 | D:10     | Killed a two-headed ogre
  4700 | D:10     | Reached XP level 11. HP: 52/100 MP: 14/14
  4713 | D:10     | Noticed a two-headed ogre
  4717 | D:10     | Noticed Nergalle
  4721 | D:10     | Killed a two-headed ogre
  4725 | D:10     | Reached skill level 9 in Invocations
  4730 | D:10     | Killed Nergalle
  5221 | D:11     | Noticed a two-headed ogre
  5232 | D:11     | Killed a two-headed ogre
  5251 | D:11     | Noticed a brown ugly thing
  5258 | D:11     | Killed a brown ugly thing
  5268 | D:11     | Found a staircase to the Orcish Mines.
  5277 | D:11     | Reached ***** piety under Makhleb
  5413 | D:11     | Noticed a brown ugly thing
  5426 | D:11     | Killed a brown ugly thing
  5435 | D:11     | Noticed a two-headed ogre
  5446 | D:11     | Killed a two-headed ogre
  5529 | Orc:1    | Entered Level 1 of the Orcish Mines
  5592 | Orc:1    | Found Ferch's Jewellery Shoppe.
  5593 | Orc:1    | Noticed Josephine
  5604 | Orc:1    | Noticed Jorgrun
  5608 | Orc:1    | Killed Josephine
  5608 | Orc:1    | Reached skill level 10 in Invocations
  5620 | Orc:1    | Killed Jorgrun
  5620 | Orc:1    | Reached skill level 10 in Long Blades
  5620 | Orc:1    | Reached XP level 12. HP: 83/110 MP: 13/13
  5672 | Orc:2    | Entered Level 2 of the Orcish Mines
  5734 | Orc:2    | Found Wianamn's Assorted Antiques.
  5734 | Orc:2    | Noticed a two-headed ogre
  5735 | Orc:2    | Found Timp's Antique Armour Emporium.
  5735 | Orc:2    | Noticed a two-headed ogre
  5736 | Orc:2    | Noticed a two-headed ogre
  5736 | Orc:2    | Noticed an ogre mage
  5736 | Orc:2    | Noticed a two-headed ogre
  5736 | Orc:2    | Noticed a two-headed ogre
  5736 | Orc:2    | Noticed a two-headed ogre
  5737 | Orc:2    | Noticed a two-headed ogre
  5738 | Orc:2    | Noticed a two-headed ogre
  5740 | Orc:2    | Killed a two-headed ogre
  5743 | Orc:2    | Killed a two-headed ogre
  5745 | Orc:2    | Noticed an ogre mage
  5756 | Orc:2    | Killed an ogre mage
  5756 | Orc:2    | Reached skill level 10 in Shields
  5756 | Orc:2    | Killed a two-headed ogre
  5756 | Orc:2    | Reached skill level 10 in Armour
  5756 | Orc:2    | Killed a two-headed ogre
  5757 | Orc:2    | Killed a two-headed ogre
  5757 | Orc:2    | Reached skill level 11 in Invocations
  5757 | Orc:2    | Killed a two-headed ogre
  5757 | Orc:2    | Killed a two-headed ogre
  5757 | Orc:2    | Killed a two-headed ogre
  5760 | Orc:2    | Reached XP level 13. HP: 120/120 MP: 12/14
  5784 | Orc:2    | Found Myteah's Gadget Emporium.
  5787 | Orc:2    | Found Tural's Book Shoppe.
  5797 | Orc:2    | Bought a condenser vane (2/2) for 260 gold pieces
  6310 | Orc:2    | Found a staircase to the Elven Halls.
  6375 | Orc:1    | Reached ****** piety under Makhleb
  6379 | Orc:1    | Found a roughly hewn altar of Beogh.
  6584 | Orc:2    | Bought a masterwork plate armour for 588 gold pieces
  6584 | Orc:2    | Bought a glowing helmet for 157 gold pieces
  6599 | Orc:2    | Identified the cursed +0 plate armour of Disappointment
                  | {*Slow Regen+ Int+3 SInv} (You bought it in a shop on level
                  | 2 of the Orcish Mines)
  6875 | D:11     | Found a white marble altar of Elyvilon.
  6884 | D:11     | Found a runed translucent door.
  6884 | D:11     | Noticed an angel
  7250 | D:12     | Reached skill level 12 in Invocations
  7363 | D:12     | Found a portal to a secret trove of treasure.
  7813 | D:12     | Found the +2 hood of the Assassin {Detection Stab+ Stlth++}
  8131 | D:13     | Noticed Nessos
  8145 | D:13     | HP: 4/121 [wolf spider (9)]
  8156 | D:13     | Killed Nessos
  8219 | D:13     | Gained mutation: You resist negative energy. (rN+) [Deep
                  | Dwarf growth]
  8219 | D:13     | Reached XP level 14. HP: 130/130 MP: 11/11
  8817 | Lair:1   | Entered Level 1 of the Lair of Beasts
  9108 | Lair:2   | Reached skill level 10 in Fighting
  9584 | Lair:2   | Found a hole to the Spider Nest.
  9816 | Lair:3   | Reached skill level 13 in Invocations
 10884 | Spider:1 | Entered Level 1 of the Spider Nest
 11080 | Spider:2 | Noticed an entropy weaver
 11091 | Spider:2 | Killed an entropy weaver
 11250 | Spider:3 | Noticed an emperor scorpion
 11260 | Spider:3 | Reached XP level 15. HP: 140/140 MP: 11/11
 11379 | Spider:4 | Entered Level 4 of the Spider Nest
 11387 | Spider:4 | Reached skill level 14 in Invocations
 11452 | Spider:4 | Killed a ghost moth
 11474 | Spider:4 | Killed a ghost moth
 11474 | Spider:4 | Reached skill level 15 in Long Blades
 11547 | Spider:4 | Killed a ghost moth
 11571 | Spider:4 | Got a gossamer rune of Zot
 11743 | Spider:3 | Noticed Aizul
 11760 | Spider:3 | Killed Aizul
 11760 | Spider:3 | Reached XP level 16. HP: 106/150 MP: 13/13
 12072 | Lair:4   | You fall into a shaft and drop 1 floor!
 12202 | Lair:4   | Found a staircase to the Shoals.
 12215 | Shoals:1 | Entered Level 1 of the Shoals
 12269 | Shoals:1 | Reached skill level 15 in Invocations
 12291 | Shoals:1 | Found a transporter.
 12316 | Shoals:2 | Found Keqyisag's General Store.
 12350 | Shoals:2 | Bought a scroll of teleportation for 51 gold pieces
 12350 | Shoals:2 | Bought a potion of mutation for 136 gold pieces
 12466 | Shoals:3 | Noticed Donald
 12496 | Shoals:3 | Killed Donald
 12548 | Shoals:4 | Entered Level 4 of the Shoals
 12626 | Shoals:4 | Noticed Polyphemus
 12636 | Shoals:4 | Killed Polyphemus
 12823 | Shoals:4 | Identified the cursed +0 scale mail of Polytheism {MR+
                  | Regen+ MP-9}
 12852 | Shoals:4 | Reached skill level 16 in Invocations
 12934 | Shoals:4 | Got a barnacled rune of Zot
 13038 | Shoals:4 | Reached XP level 17. HP: 159/159 MP: 13/13
 13466 | Orc:1    | Found Jioqesed's Armour Emporium.
 13479 | Orc:1    | Bought an uncursed ring of resist corrosion for 240 gold
                  | pieces
 13479 | Orc:1    | Bought an uncursed ring of protection from fire for 300
                  | gold pieces
 14269 | Lair:6   | Entered Level 6 of the Lair of Beasts
 14793 | Lair:6   | Found a viscous altar of Jiyva.
 14793 | Lair:6   | Found a staircase to the Slime Pits.
 14799 | Slime:1  | Entered Level 1 of the Pits of Slime
 14803 | Slime:1  | Noticed an acid blob
 14838 | Slime:2  | Gained mutation: You are somewhat resistant to further
                  | mutation. [a shining eye]
 14898 | Slime:3  | Noticed an acid blob
 14911 | Slime:3  | Killed an acid blob
 14994 | Slime:3  | Reached skill level 15 in Armour
 15001 | Slime:4  | Noticed an acid blob
 15011 | Slime:4  | Gained mutation: You are weak. (Str -2) [a shining eye]
 15014 | Slime:4  | Killed an acid blob
 15014 | Slime:4  | Reached skill level 15 in Shields
 15014 | Slime:4  | Reached skill level 17 in Invocations
 15018 | Slime:4  | Gained mutation: Your spells are a little easier to cast,
                  | but a little less powerful. [a shining eye]
 15056 | Slime:5  | Entered Level 5 of the Pits of Slime
 15083 | Slime:5  | Noticed an acid blob
 15094 | Slime:5  | Killed an acid blob
 15094 | Slime:5  | Noticed the Royal Jelly
 15100 | Slime:5  | Noticed an acid blob
 15104 | Slime:5  | Noticed an acid blob
 15107 | Slime:5  | Noticed an acid blob
 15117 | Slime:5  | Noticed an acid blob
 15118 | Slime:5  | Killed an acid blob
 15118 | Slime:5  | Killed an acid blob
 15118 | Slime:5  | HP: 5/163 [acid blob/exploding inner flame[the player
                  | character] (34)]
 15118 | Slime:5  | Killed from afar by an azure jelly

Illustrated notes

Levels and vault maps discovered:
D:1:      onia_arrival_pentagram, layout_basic
D:2:      layout_rooms, cheibriados_altar_1, grunt_decor_fettered,
          minmay_pentomino_w4
D:3:      layout_loops_cross, chequers_ecumenical_altar_simple_redux,
          serial_forest, infiniplex_forest_clump_long, infiniplex_forest_end_2,
          infiniplex_forest_straight_2, infiniplex_forest_lined_3,
          infiniplex_forest_zigzag_1, infiniplex_forest_clump_large,
          infiniplex_forest_side_room, lemuel_blue_sif_altar, uniq_terence
D:4:      layout_basic, nicolae_qazlal_style_of_elements,
          gammafunk_temple_overflow_statue, minmay_temple_entry_glass
D:5:      layout_rooms, doesnt_xom_only_xom, lemuel_flame_loot_1, uniq_duvessa
D:6:      old_forge, layout_basic, minmay_misc_feat_cross, uniq_edmund
D:7:      layout_cave_pools, nicolae_overflow_hidden_temple,
          nrook_mini_backslash
D:8:      layout_rooms, minmay_lair_entry_grove, nicolae_ossuary_entry_monument,
          uniq_maggie
D:9:      layout_rooms, enter_bailey_2, minivault_11
D:10:     layout_big_octagon, uniq_nergalle
D:11:     layout_stronghold, david_orc_3, lemuel_angel_altar
D:12:     layout_basic, nicolae_trove_entry_free_sample
D:13:     layout_basic, kennysheep_generic_room_7, uniq_nessos
Temple:   eino_temple_scatter_basement
Lair:1:   layout_long_grid, grunt_megastairs_5
Lair:2:   layout_cave_pods, spider_nest_entry_rubble, serial_bayou_pond_c,
          minivault_25
Lair:3:   layout_gridlike, grunt_forest_large_clearing_hut,
          serial_bayou_shore_b, serial_bayou_shore_b
Lair:4:   layout_long_grid, minmay_shoals_entry_hut, lemuel_fruit_fields,
          grunt_megastairs_2
Lair:5:   wad_woods_minihive, layout_long_grid, nicolae_volcano_entry_batcave,
          chequers_serial_rivers_large_b, minivault_26, forest_entry_grove,
          serial_bayou_shore_b
Lair:6:   due_jungle_book, layout_gridlike, dpeg_slime_entry_enclosed_altar,
          serial_bayou_shore_b, minmay_lair_oklob_chamber, lemuel_fruit_tree
Shoals:1: gammafunk_its_a_trap, layout_shoals
Shoals:2: layout_shoals, serial_shops, shop, nicolae_shoals_cliffside_cave
Shoals:3: layout_shoals, uniq_donald, uniq_ilsuiw
Shoals:4: shoals_end_grunt_garden, layout_shoals, nicolae_shoals_water_shrine,
          uniq_polyphemus
Spider:1: layout_spider_delve, uniq_asterion
Spider:2: layout_spider_delve
Spider:3: layout_spider_delve, uniq_aizul
Spider:4: grunt_spider_rune_parallel, drop_trap, nicolae_orb_stairs
Slime:1:  cheibrodos_slime_lost_civilization_3, layout_caves, basic_altar
Slime:2:  layout_caves, nicolae_slime_welcoming_committee
Slime:3:  layout_caves, cheibrodos_slime_lost_civilization_6
Slime:4:  layout_caves
Slime:5
Orc:1:    layout_caves, basic_altar, serial_shops, nicolae_shop_stone,
          nicolae_shop_trees, nicolae_shop_competitors_out_of_business, shop,
          nicolae_orc_damp_corner, uniq_jorgrun, uniq_josephine
Orc:2:    st_orc_open, layout_caves

Skill      XL: |  1  2  3  4  5  6  7  8  9 10 11 12 13 14 15 16 17 |
---------------+----------------------------------------------------+-----
Fighting       | 3 4 5 6 7 8 9 10 11 12 13 | 13.0
Axes           | 3 4 5 6 7 |  7.2
Shields        | 4 5 6 7 8 9 10 11 12 13 14 15 | 15.1
Armour         | 4 5 6 7 8 9 10 11 12 13 14 15 | 15.1
Invocations    | 1 2 3 5 7 8 10 11 12 13 14 16 17 | 17.1
Long Blades    | 2 5 7 10 11 12 14 15 16 | 16.0

Action                   |  1- 3 |  4- 6 |  7- 9 | 10-12 | 13-15 | 16-18 || total
-------------------------+-------+-------+-------+-------+-------+-------++-------
Melee: War axe           |    87 |   120 |   177 |       |     7 |       ||   391
       Double sword      |       |       |    58 |   316 |   796 |   739 ||  1909
Throw: Throwing net      |       |       |       |       |       |     1 ||     1
 Abil: Heal Wounds       |       |     2 |     6 |    19 |    21 |    12 ||    60
Evoke: Condenser vane    |       |       |       |       |     1 |     2 ||     3
  Use: Scroll            |       |       |     8 |    16 |     6 |     9 ||    39
       Potion            |       |       |       |       |     3 |     2 ||     5
 Stab: Held in net/web   |       |       |     1 |       |       |       ||     1
       Sleeping          |       |       |       |     1 |       |       ||     1
       Confused          |       |       |       |       |       |     4 ||     4
       Petrified         |       |       |       |       |       |     4 ||     4
Armor: Scale mail        |    32 |    52 |    63 |       |       |       ||   147
       Chain mail        |       |       |     5 |    78 |       |       ||    83
       Shadow dragon sca |       |       |       |    77 |    25 |       ||   102
       Plate armour      |       |       |       |       |   650 |   321 ||   971
Dodge: Dodged            |    29 |    42 |    72 |   110 |   239 |   210 ||   702
Block: Kite shield       |    59 |   110 |   248 |   253 |   825 |   721 ||  2216
       Reflection        |       |     9 |    21 |       |     2 |    52 ||    84
       Rpst.: Double sword |       |       |     5 |    22 |    55 |    47 ||   129

Table legend: (Time is in decaauts)
 A = Elapsed time spent in this place.
 B = Non-inter-level travel time spent in this place.
 C = Inter-level travel time spent in this place.
 D = Time resting spent in this place.
 E = Time spent auto-exploring this place.
 F = Levels seen in this place.
 G = Mean time per level.
                   A        B        C        D        E       F      G
               +--------+--------+--------+--------+--------+-----+--------+
         Total |  15154 |  13116 |   2038 |      4 |   8623 |  37 |  409.6 |
       Dungeon |   7549 |   6682 |    867 |      0 |   4802 |  13 |  580.7 |
        Temple |    111 |     70 |     41 |      0 |     68 |   1 |  111.0 |
          Lair |   3452 |   2873 |    579 |      0 |   2079 |   6 |  575.3 |
        Shoals |   1051 |    946 |    105 |      0 |    424 |   4 |  262.8 |
   Spider Nest |    972 |    821 |    151 |      1 |    290 |   4 |  243.0 |
    Slime Pits |    268 |    243 |     25 |      3 |     22 |   5 |   53.6 |
  Orcish Mines |   1266 |   1000 |    266 |      0 |    709 |   2 |  633.0 |
       Ossuary |     92 |     92 |      0 |      0 |     36 |   1 |   92.0 |
        Bailey |    390 |    390 |      0 |      0 |    191 |   1 |  390.0 |
               +--------+--------+--------+--------+--------+-----+--------+

Top non-repeatable levels by time:
  Lair:2: 1068 daAuts
    D:11: 937 daAuts
   Orc:2: 909 daAuts
    D:12: 906 daAuts
  Lair:3: 863 daAuts
     D:4: 735 daAuts
     D:6: 673 daAuts
Shoals:4: 673 daAuts
    D:13: 663 daAuts
     D:5: 628 daAuts
  Lair:5: 609 daAuts
    D:10: 565 daAuts
     D:8: 541 daAuts
     D:9: 515 daAuts
  Lair:6: 508 daAuts
